[Event "Deutsche Schachbundesliga 2010/11"]
[Site "Germany"]
[Date "2011.03.20"]
[Round "13"]
[White "Walter, Stefan"]
[Black "Deglmann, Ludwig"]
[Result "1/2-1/2"]
[ECO "A40"]
[WhiteElo "2321"]
[BlackElo "2397"]
[Annotator "Robot 3"]
[PlyCount "93"]
[EventDate "2011.??.??"]
[WhiteTeam "Griesheim"]
[BlackTeam "München"]
[TimeControl "40/6000+30:20/3000+30:900+30"]

1. d4 e6 2. c4 b6 3. a3 Bb7 4. Nc3 g6 5. e4 Bg7 6. Nf3 h6 7. Be2 d6 8. O-O Ne7
9. Re1 Nd7 10. b3 a6 11. Bb2 g5 12. h3 Ng6 13. d5 O-O 14. Bf1 Nde5 15. g3 Bc8
16. Nd4 Qf6 17. Qh5 Ne7 18. Rad1 Qg6 19. Qxg6 N5xg6 20. Bg2 Bxd4 21. Rxd4 e5
22. Rd2 f5 23. exf5 Nxf5 24. Ne4 a5 25. Bc3 Bd7 26. Rc1 Rae8 27. b4 axb4 28.
axb4 Nd4 29. Bxd4 exd4 30. Rxd4 Ne5 31. Nd2 Bf5 32. Bf1 Ra8 33. f4 gxf4 34.
Rxf4 Ra2 35. Nb3 Ng6 36. Rf3 Be4 37. Rxf8+ Kxf8 38. Nd4 Ne5 39. Re1 Bg6 40. Bg2
Nd3 41. Re6 Kf7 42. Nb5 Ne5 43. Nxc7 Ra1+ 44. Kh2 Ra2 45. Kg1 Ra1+ 46. Kh2 Ra2
47. Kg1 1/2-1/2